 Dungeon Crawl Stone Soup version 0.30-a0-1160-g6e42c06551 (webtiles) character file.

Game seed: 2898381404222222581

2246 Dittersdorf the Trooper (level 9, -1/57 HPs)
             Began as a Gargoyle Fighter on Apr 25, 2023.
             Was an Elder of Okawaru.
             Killed by divine providence
             ... invoked by an orc priest
              (17 damage)
             ... on level 7 of the Dungeon.
             The game lasted 00:07:36 (5898 turns).

Dittersdorf the Trooper (Gargoyle Fighter)          Turns: 5898, Time: 00:07:37

Health: -1/57      AC: 23    Str: 24    XL:     9   Next: 37%
Magic:  9/9        EV:  7    Int:  9    God:    Okawaru [****..]
Gold:   304        SH:  5    Dex:  9    Spells: 8/8 levels left

rFire   . . .        y - +0 morningstar (holy)
rCold   . . .        c - +0 buckler
rNeg    + . .        e - +0 plate armour
rPois   ∞            m - +0 helmet
rElec   +            (no cloak)
rCorr   .            i - +0 pair of gloves
SInv    .            l - +0 pair of boots
Will    .....        (no amulet) Stlth
                     g - ring of wizardry
HPRegen 0.29/turn    f - +4 ring of slaying
MPRegen 0.11/turn

%: wizardry (x1)
@: no status effects
A: sickness immunity, AC +6, negative energy resistance 1, electricity
resistance, torment resistance 1, petrification resistance
a: Renounce Religion, Heroism, Finesse


You were on level 7 of the Dungeon.
You worshipped Okawaru.
Okawaru was greatly pleased with you.
You visited 2 branches of the dungeon, and saw 8 of its levels.

You collected 304 gold pieces.

Inventory:

Hand Weapons
 y - a +0 morningstar of holy wrath (weapon)
Missiles
 h - 10 poisoned darts (quivered)
Armour
 c - a +0 buckler (worn)
 e - a +0 plate armour (worn)
 i - a +0 pair of gloves (worn)
 l - a +0 pair of boots (worn)
 m - a +0 helmet (worn)
Magical Staves
 o - a staff of earth
Jewellery
 f - a +4 ring of slaying (right hand)
 g - a ring of wizardry (left hand)
Scrolls
 j - a scroll of immolation {unknown}
 n - 5 scrolls of teleportation
 p - 2 scrolls of noise {unknown}
 u - a scroll of enchant armour {unknown}
 w - a scroll of poison {unknown}
Potions
 a - a potion of resistance
 b - a potion of berserk rage
 d - 2 potions of might
 k - 2 potions of brilliance {unknown}
 q - 4 potions of mutation
 r - 3 potions of invisibility
 s - a potion of attraction {unknown}
 v - a potion of degeneration {unknown}
 x - a potion of cancellation
 z - 2 potions of flight {unknown}
 A - a potion of ambrosia {unknown}
 B - 2 potions of curing {unknown}


   Skills:
 + Level 7.5 Fighting
 + Level 6.3 Maces & Flails
 + Level 7.4 Armour
 + Level 7.4 Shields


You had 8 spell levels left.
You didn't know any spells.
Your spell library was empty.

Dungeon Overview and Level Annotations

Branches:
Dungeon (7/15)             Temple (1/1) D:4

Altars:
Ashenzari
Cheibriados
Elyvilon
Fedhas
Gozag
Okawaru
Qazlal
Trog
Vehumet
Xom
Yredelemnul
Zin

Annotations:
D:6 3 runed translucent doors, voltaire321's ghost, novice DECj


Innate Abilities, Weirdness & Mutations

You are immune to sickness and miasma.
Your stone body is resilient. (AC +6)
You are immune to poison.
You resist negative energy. (rN+)
You are resistant to electric shocks. (rElec)
You are resistant to unholy torment.
You are immune to petrification.


Message History

No target in view!
No target in view!
No target in view!
No target in view!
No target in view!
No target in view!
HP restored.
Found 6 stones.
Found a stone staircase leading down.
A wight, an orc warrior, an orc priest and an orc come into view.
The wight is wielding a +2 scimitar of freezing.
The orc warrior shouts!
The orc shouts!
An orc comes into view. It is wielding a +0 dagger.
The orc shouts!
A steam dragon comes into view.
An orc priest comes into view. It is wielding a +0 club.
The orc moves out of view.
The orc priest shouts!
You hear a howl!
You hear an angry hiss.
A howler monkey comes into view.
The orc priest invokes the aid of Beogh against you.
Beogh smites you!
The orc priest invokes the aid of Beogh against you.
Beogh smites you!
Found a stone staircase leading up.
The orc priest hits you but does no damage.
You closely miss the orc priest.
The orc priest calls down the wrath of Beogh upon you.
Beogh smites you!
The orc priest hits you but does no damage.
You barely miss the orc priest. The orc priest hits you with a +0 club.
* * * LOW HITPOINT WARNING * * *
You puncture the orc priest!
The orc priest is almost dead.
The howler monkey hoots and howls with incredible vigour!
The wight barely misses you. The orc priest completely misses you.
You hear a shout!
You closely miss the wight. The wight hits you but does no damage.
The orc priest invokes the aid of Beogh against you.
Beogh smites you!
You die... #. ### . # #.. .#. .< D ..... .. ##o#. ..> ooo

.... #o# ###.#
..... #@# ..#.#
......#z####.#.#
#...##<#.#.#
#....#.#.#.#
#.#......#.#
#.######.#.#
#..........#
########..#########
................#


You could see an orc warrior, a wight, 2 orc priests and 2 orcs.

Vanquished Creatures
  Pikel (D:6)
  Maggie (D:6)
  Sigmund (D:5)
  A steam dragon (D:6)
  An orc warrior (D:6)
  2 ogres
  A phantom (D:5)
  Blork the orc (D:6)
  3 scorpions
  4 killer bees (D:6)
  A howler monkey (D:6)
  2 hounds
  2 jellies
  An orc priest (D:6)
  2 iguanas (D:4)
  3 orc wizards
  8 adders
  A shadow imp (D:5)
  A white imp (D:6)
  An ufetubus (D:7)
  16 orcs
  4 ball pythons
  7 endoplasms
  4 giant cockroaches
  3 goblins
  6 hobgoblins
  18 jackals
  2 kobolds
  A quokka (D:1)
  5 bats
  5 rats
109 creatures vanquished.

Notes
Turn   | Place    | Note
-------+----------+-------------------------------------------
     0 | D:1      | Dittersdorf the Gargoyle Fighter began the quest for the
                  | Orb.
     0 | D:1      | Reached XP level 1. HP: 14/14 MP: 1/1
   180 | D:1      | Reached XP level 2. HP: 17/19 MP: 2/2
   290 | D:1      | Reached XP level 3. HP: 21/23 MP: 3/3
  1157 | D:2      | Reached XP level 4. HP: 28/29 MP: 4/4
  2879 | D:4      | Found a staircase to the Ecumenical Temple.
  2904 | Temple   | Entered the Ecumenical Temple
  2988 | Temple   | Became a worshipper of Warmaster Okawaru
  3176 | D:4      | Reached XP level 5. HP: 26/33 MP: 5/5
  3710 | D:5      | Entered Level 5 of the Dungeon
  3857 | D:5      | Noticed a phantom
  3869 | D:5      | Killed a phantom
  3870 | D:5      | Reached XP level 6. HP: 33/39 MP: 6/6
  3952 | D:5      | Reached * piety under Okawaru
  3953 | D:5      | Reached skill level 5 in Fighting
  3978 | D:5      | Reached skill level 5 in Armour
  3984 | D:5      | Reached skill level 5 in Shields
  3984 | D:5      | Reached XP level 7. HP: 17/44 MP: 7/7
  4153 | D:5      | Noticed Sigmund
  4161 | D:5      | Killed Sigmund
  4283 | D:5      | Reached ** piety under Okawaru
  4615 | D:6      | Noticed Pikel
  4627 | D:6      | Killed Pikel
  4628 | D:6      | Reached skill level 5 in Maces & Flails
  4628 | D:6      | Reached XP level 8. HP: 43/52 MP: 8/8
  4752 | D:6      | Noticed Maggie
  4753 | D:6      | Noticed Blork the orc
  4761 | D:6      | Killed Maggie
  4761 | D:6      | Reached *** piety under Okawaru
  4762 | D:6      | Reached XP level 9. HP: 17/56 MP: 9/9
  4764 | D:6      | Killed Blork the orc
  5272 | D:6      | Found a runed translucent gate.
  5273 | D:6      | Found a runed translucent gate.
  5273 | D:6      | Found a runed translucent gate.
  5273 | D:6      | Found an opulent altar of Gozag.
  5273 | D:6      | Noticed voltaire321's ghost (novice DECj)
  5273 | D:6      | Noticed a cyclops
  5851 | D:7      | Reached **** piety under Okawaru
  5898 | D:7      | Killed from afar by an orc priest

Illustrated notes

Levels and vault maps discovered:
D:1:      lemuel_arrival_funnel, layout_loops_ring, minmay_split_cup_small
D:2:      wad_pebble_path, layout_loops_cross, minmay_misc_feat_diagonals
D:3:      layout_loops_corners
D:4:      layout_loops_corners, minmay_temple_entry_statues, minmay_cut_off
D:5:      layout_basic, palyth_stone_intersect, minivault_11,
          grunt_ministairs_15, uniq_sigmund
D:6:      layout_basic, nicolae_overflow_hidden_temple, ebering_ghost_gozag,
          uniq_blork_the_orc, uniq_maggie, uniq_pikel
D:7:      layout_basic
Temple:   nicolae_temple_elliptical

Skill      XL: |  1  2  3  4  5  6  7  8  9 |
---------------+----------------------------+-----
Fighting       | 4 5 6 7 |  7.5
Armour         | 4 5 6 7 |  7.4
Shields        | 4 5 6 7 |  7.4
Maces & Flails | 3 4 5 6 |  6.3

Action                     |  1- 3 |  4- 6 |  7- 9 || total
---------------------------+-------+-------+-------++-------
  Melee: Flail             |   118 |   140 |    52 ||   310
         Morningstar       |       |       |    51 ||    51
  Throw: Dart              |       |       |     9 ||     9
    Use: Scroll            |       |    10 |     1 ||    11
 Armour: Scale mail        |    77 |    31 |       ||   108
         Chain mail        |       |    67 |    69 ||   136
         Plate armour      |       |       |     7 ||     7
  Dodge: Dodged            |    64 |    64 |    51 ||   179
  Block: Buckler           |    35 |    37 |    24 ||    96

Table legend: (Time is in decaauts)
 A = Elapsed time spent in this place.
 B = Non-inter-level travel time spent in this place.
 C = Inter-level travel time spent in this place.
 D = Time resting spent in this place.
 E = Time spent auto-exploring this place.
 F = Levels seen in this place.
 G = Mean time per level.
                   A        B        C        D        E       F      G
               +--------+--------+--------+--------+--------+-----+--------+
         Total |   5992 |   5665 |    327 |    525 |   4182 |   8 |  749.0 |
       Dungeon |   5881 |   5579 |    302 |    525 |   4112 |   7 |  840.1 |
        Temple |    110 |     85 |     25 |      0 |     70 |   1 |  110.0 |
               +--------+--------+--------+--------+--------+-----+--------+

Top non-repeatable levels by time:
     D:6: 1285 daAuts
     D:4: 1049 daAuts
     D:3: 989 daAuts
     D:1: 941 daAuts
     D:5: 854 daAuts
     D:2: 678 daAuts
  Temple: 110 daAuts
     D:7: 82 daAuts
